 Dungeon Crawl Stone Soup version 0.27.1-33-g824d729ab1 (webtiles) character file.

Game seed: 7178197151107749850

136 zeram the Shield-Bearer (level 5, -2/41 HPs)
             Began as a Merfolk Fighter on Dec 14, 2021.
             Slain by an ogre (29 damage)
             ... on level 3 of the Dungeon.
             The game lasted 00:03:11 (3051 turns).

zeram the Shield-Bearer (Merfolk Fighter)           Turns: 3051, Time: 00:03:12

Health: -2/41      AC:  6    Str: 16    XL:     5   Next: 19%
Magic:  5/5        EV:  7    Int:  9    God:
Gold:   151        SH: 11    Dex: 13    Spells: 4/4 levels left

rFire    . . .     SeeInvis .   a - +0 trident
rCold    . . .     Faith    .   c - +1 kite shield
rNeg     . . .     Spirit   .   b - +0 scale mail
rPois    .         Reflect  .   (no helmet)
rElec    .         Harm     .   (no cloak)
rCorr    .         Rampage  .   (no gloves)
Will     .....                  (no boots)
Stlth    ..........             (no amulet)
HPRegen  0.13/turn              (no ring)
MPRegen  0.09/turn              (no ring)

@: about to teleport
A: (nimble swimmer 2), mertail
a: no special abilities


You were on level 3 of the Dungeon.
You visited 1 branch of the dungeon, and saw 3 of its levels.

You collected 151 gold pieces.

Inventory:

Hand Weapons
 a - a +0 trident (weapon)
Armour
 b - a +0 scale mail (worn)
 c - a +1 kite shield (worn)
Wands
 d - a wand of iceblast (5)
Scrolls
 g - a scroll of teleportation
Potions
 e - 2 potions of haste
 f - a potion of lignification {unknown}
 i - a potion of attraction
 j - a potion of heal wounds {unknown}


   Skills:
 - Level 3.2 Fighting
 - Level 3.0 Polearms
 - Level 2.1 Armour
 + Level 5.7 Shields


You had 4 spell levels left.
You didn't know any spells.
Your spell library was empty.

Dungeon Overview and Level Annotations

Branches:
Dungeon (3/15)

Altars:
Uskayaw

Shops:
D:1 :


Innate Abilities, Weirdness & Mutations

((You are quick and stealthy near water. (Stealth+, EV+, Speed+++)))
Your lower body shifts to a powerful aquatic tail in water.


Message History

No target in view!
No target in view!
No target in view!
No target in view!
No target in view!
No target in view!
No target in view!
No target in view!
No target in view!
No target in view!
An ogre comes into view. It is wielding a +0 giant club.
The ogre shouts!
The ogre moves out of view.
Things that are here:
a +0 short sword; 2 stones An ogre is nearby!
An ogre is nearby!
An ogre is nearby!
An ogre is nearby!
You reach to attack!
You puncture the ogre!
The ogre is moderately wounded.
You barely miss the ogre.
The ogre is moderately wounded.
The ogre hits you with a +0 giant club!!
Your shield and scale mail prevent you from hitting the ogre.
The ogre is moderately wounded.
The ogre barely misses you.
You hit the ogre.
The ogre is moderately wounded.
The ogre barely misses you. You block the ogre's attack.
Found a runed opal ring.
Found a scroll of teleportation.
You see here a scroll of teleportation.
g - 2 scrolls of teleportation (gained 1)
As you read the scroll of teleportation, it crumbles to dust.
You feel strangely unstable.
The ogre hits you with a +0 giant club!!
Ouch! That really hurt!
You die...

..... ..#.#
..... #.#.#
#.#.# #.#.#
#+# ..#.#
######.#
...<#
#......#
.#.##
#....@.#
#..#
#....O.#
##.#
######.#
#.## #.#
#..# #.###
##.## #...#
#..# #...#
#####.###
#####...###
........#
#.........#


You could see an ogre.

Vanquished Creatures
  Jessica (D:2)
  3 gnolls (D:2)
  2 adders (D:2)
  4 worms (D:2)
  3 dart slugs (D:2)
  3 bats
  3 endoplasms
  4 giant cockroaches
  3 goblins
  2 hobgoblins (D:1)
  3 jackals (D:2)
  8 kobolds
  A quokka (D:2)
  3 ball pythons
  3 frilled lizards
  2 rats (D:1)
48 creatures vanquished.

Vanquished Creatures (others)
  7 fungi (D:1)
  2 toadstools (D:1)
9 creatures vanquished.

Grand Total: 57 creatures vanquished

Notes
Turn   | Place    | Note
-------+----------+-------------------------------------------
     0 | D:1      | zeram the Merfolk Fighter began the quest for the Orb.
     0 | D:1      | Reached XP level 1. HP: 18/18 MP: 1/1
   329 | D:1      | Reached XP level 2. HP: 24/24 MP: 2/2
   593 | D:1      | Found Doeremeire's Book Shoppe.
   957 | D:1      | Found a faded altar of an unknown god.
  1074 | D:1      | Reached skill level 4 in Shields
  1240 | D:2      | Reached XP level 3. HP: 23/29 MP: 3/3
  1443 | D:2      | Found a hide-covered altar of Uskayaw.
  1641 | D:2      | Reached XP level 4. HP: 17/35 MP: 4/4
  2026 | D:2      | Reached skill level 5 in Shields
  2582 | D:2      | Noticed Jessica
  2596 | D:2      | Killed Jessica
  2597 | D:2      | Reached XP level 5. HP: 40/41 MP: 5/5
  3010 | D:3      | Noticed an ogre
  3051 | D:3      | Slain by an ogre

Illustrated notes

Levels and vault maps discovered:
D:1:      dpeg_arrival_three_smaller_balls, layout_basic, serial_shops,
          shop_fountains, ebering_ecumenical_altar_abandoned,
          minmay_gold_behind_fungi
D:2:      layout_loops_corners, basic_altar, kennysheep_path_1, uniq_jessica
D:3:      layout_basic

Skill      XL: |  1  2  3  4 |
---------------+-------------+-----
Shields        | 4 5 |  5.7
Fighting       | |  3.2
Polearms       | |  3.0
Armour         | |  2.1

Action                   |  1- 3 |  4- 6 || total
-------------------------+-------+-------++-------
Melee: Trident           |   131 |    54 ||   185
  Use: Scroll            |     5 |     5 ||    10
       Potion            |       |     2 ||     2
Armor: Scale mail        |    44 |    19 ||    63
Dodge: Dodged            |    35 |    13 ||    48
Block: Kite shield       |    65 |    27 ||    92
